 Dungeon Crawl Stone Soup version 0.29-a0-82-g837932c90e (webtiles) character file.

Game seed: 15915296279400266235

2 Anonymone the Poker (level 1, 0/16 HPs)
             Began as a Demonspawn Gladiator on Feb 4, 2022.
             Slain by a bat (1 damage)
             ... on level 2 of the Dungeon.
             The game lasted 00:00:22 (174 turns).

Anonymone the Poker (Demonspawn Gladiator)           Turns: 174, Time: 00:00:23

Health: 0/16       AC:  4    Str: 14    XL:     1   Next: 33%
Magic:  1/1        EV: 12    Int:  9    God:
Gold:   0          SH:  0    Dex: 14    Spells: 0/0 levels left

rFire   . . .      SeeInvis .   a - +0 trident
rCold   . . .      Faith    .   (no shield)
rNeg    . . .      Spirit   .   b - +0 leather armour
rPois   .          Reflect  .   c - +0 helmet
rElec   .          Harm     .   (no cloak)
rCorr   .          Rampage  .   (no gloves)
Will    .....                   (no boots)
Stlth   +.........              (no amulet)
HPRegen 0.05/turn               (no ring)
MPRegen 0.07/turn               (no ring)

@: lethally poisoned (0 -> -3)
A: no striking features
a: no special abilities


You were on level 2 of the Dungeon.
You visited 1 branch of the dungeon, and saw 2 of its levels.

Inventory:

Hand Weapons
 a - a +0 trident (weapon)
 e - a +2 dagger of holy wrath
Missiles
 d - 3 throwing nets (quivered)
 f - 20 stones
Armour
 b - a +0 leather armour (worn)
 c - a +0 helmet (worn)
Scrolls
 g - a scroll of teleportation {unknown}
 h - a scroll of identify {unknown}


   Skills:
 - Level 2.0 Fighting
 * Level 2.9 Polearms
 - Level 1.7 Throwing
 - Level 2.6 Dodging


You couldn't memorise any spells.
You didn't know any spells.
Your spell library was empty.

Dungeon Overview and Level Annotations

Branches:
Dungeon (1/15)

Altars:


Message History

The bat barely misses you. x2; The goblin hits you but does no damage.
You barely miss the goblin.
The goblin is moderately wounded.
The bat closely misses you. The bat hits you but does no damage.
The adder bites you. The goblin barely misses you.
You closely miss the goblin.
The goblin is moderately wounded.
The bat closely misses you. The adder barely misses you.
The goblin hits you but does no damage. The adder barely misses you.
You barely miss the goblin.
The goblin is moderately wounded.
The goblin hits you with a +0 dagger. The bat closely misses you.
The adder barely misses you. The goblin closely misses you.
You barely miss the goblin.
The goblin is moderately wounded.
The adder bites you. The bat barely misses you. The goblin closely misses you.
The adder closely misses you.
You hit the goblin.
You kill the goblin!
The bat closely misses you. The adder bites you.
You are lethally poisoned!
The adder poisons you!
You are too injured to fight recklessly!
You are too injured to fight recklessly!
You are too injured to fight recklessly!
Unknown command.
You closely miss the adder. You punch the adder.
The adder is lightly wounded.
* * * LOW HITPOINT WARNING * * *
You feel sick. The bat closely misses you. The adder completely misses you.
The bat hits you but does no damage. The adder barely misses you.
You closely miss the adder.
The adder is lightly wounded.
* * * LOW HITPOINT WARNING * * *
You feel sick. The bat misses you. The adder closely misses you.
You hit the adder.
The adder is severely wounded.
* * * LOW HITPOINT WARNING * * *
You feel sick. The adder bites you but does no damage. The bat hits you.
You die...

..........
........
........
......#
#......
#...#.#
#.).#.#
#.#.b@#.#
#....S..####
###........#
##.......#
..........#
####.........(
#.......##.
........#
#........#


You could see an adder and a bat.

Vanquished Creatures
  2 goblins
2 creatures vanquished.

Notes
Turn   | Place    | Note
-------+----------+-------------------------------------------
     0 | D:1      | Anonymone the Demonspawn Gladiator began the quest for the
                  | Orb.
     0 | D:1      | Reached XP level 1. HP: 16/16 MP: 1/1
   161 | D:1      | You fall into a shaft and drop 1 floor!
   174 | D:2      | Slain by a bat

Illustrated notes

Levels and vault maps discovered:
D:1:      roderic_crop_circles_arrival_small, layout_loops_corners,
          serial_shops, nicolae_shop_overgrown_old_shop
D:2:      layout_loops_cross, basic_altar, hellmonk_ecumenical_altar_blasted,
          corexii_hall_statues_x, serial_bayou_pond_b

Action                   || total
-------------------------++-------
Melee: Trident           ||    12
       Punch             ||     1
 Stab: Sleeping          ||     1
Armor: Leather armour    ||     6
Dodge: Dodged            ||    21

Table legend: (Time is in decaauts)
 A = Elapsed time spent in this place.
 B = Non-inter-level travel time spent in this place.
 C = Inter-level travel time spent in this place.
 D = Time resting spent in this place.
 E = Time spent auto-exploring this place.
 F = Levels seen in this place.
 G = Mean time per level.
                   A        B        C        D        E       F      G
               +--------+--------+--------+--------+--------+-----+--------+
         Total |    175 |    175 |      0 |      0 |    141 |   2 |   87.5 |
       Dungeon |    175 |    175 |      0 |      0 |    141 |   2 |   87.5 |
               +--------+--------+--------+--------+--------+-----+--------+

Top non-repeatable levels by time:
     D:1: 161 daAuts
     D:2: 14 daAuts
